 Dungeon Crawl Stone Soup version 0.26.1-2-gb8aa6d0cf2 (webtiles) character file.

Game seed: 2915907174545747169

19 Cassim the Magician (level 2, -3/21 HPs)
             Began as a Mummy Hedge Wizard on Mar 28, 2021.
             Slain by a gnoll
             ... wielding a +0 spear
              (5 damage)
             ... on level 2 of the Dungeon.
             The game lasted 00:06:32 (1460 turns).

Cassim the Magician (Mummy Hedge Wizard)            Turns: 1460, Time: 00:06:33

Health: -3/21      AC:  2    Str: 13    XL:     2   Next: 55%
Magic:  1/7        EV: 12    Int: 13    God:
Gold:   40         SH:  0    Dex: 11    Spells: 8/9 levels left

rFire    x . .     SeeInvis .   f - +0 mace
rCold    + . .     Faith    .   (no shield)
rNeg     + + +     Spirit   .   b - +0 robe
rPois    ∞         Reflect  .   c - +0 hat
rElec    .         Harm     .   (no cloak)
rCorr    .         Rampage  .   (no gloves)
Will     .....                  (no boots)
Stlth    ++........             (no amulet)
HPRegen  0.07/turn              (no ring)
MPRegen  0.10/turn              (no ring)

@: no status effects
A: no potions, fire vulnerability, cold resistance 1, negative energy resistance
3, torment resistance, unbreathing
a: no special abilities


You were on level 2 of the Dungeon.
You visited 1 branch of the dungeon, and saw 2 of its levels.

You collected 40 gold pieces.

Inventory:

Hand Weapons
 a - a +0 dagger
 f - a +0 mace (weapon)
Armour
 b - a +0 robe (worn)
 c - a +0 hat (worn)
Jewellery
 e - an uncursed ring of flight {unknown}
 h - a +6 ring of strength {unknown}
 i - an uncursed amulet of magic regeneration {unknown}
Scrolls
 d - a scroll of teleportation {unknown}
 g - a scroll of enchant weapon {unknown}


   Skills:
 + Level 1.2 Fighting
 - Level 1.5 Dodging
 - Level 1.5 Stealth
 + Level 4.3 Spellcasting
 + Level 1.3 Conjurations
 - Level 0.7 Summonings
 - Level 0.7 Translocations


You had 8 spell levels left.
You knew the following spells:

 Your Spells              Type           Power        Failure   Level
a - Magic Dart            Conj           24%          12%         1

Your spell library contained the following spells:

 Spells                   Type           Power        Failure   Level
 Blink                    Tloc           N/A          22%         2
 Call Imp                 Summ           4%           22%         2
 Slow                     Hex            2%           30%         2
 Conjure Flame            Conj/Fire      4%           41%         3
 Mephitic Cloud           Conj/Pois/Air  3%           45%         3


Dungeon Overview and Level Annotations

Branches:
Dungeon (2/15)

Altars:


Innate Abilities, Weirdness & Mutations

You do not drink.
Your flesh is vulnerable to fire.
You are immune to poison.
Your flesh is cold resistant. (rC+)
You are immune to negative energy. (rN+++)
You are immune to unholy pain and torment.
You can survive without breathing.


Message History

You hit the gnoll but do no damage.
The gnoll is severely wounded.
The gnoll hits you but does no damage. The gnoll closely misses you.
You hit the gnoll but do no damage.
The gnoll is heavily wounded.
The gnoll closely misses you.
Your magical contamination has completely faded away.
You closely miss the gnoll.
The gnoll is heavily wounded.
The gnoll barely misses you.
You closely miss the gnoll.
The gnoll is heavily wounded.
The gnoll misses you. The gnoll hits you with a +0 spear.
You barely miss the gnoll.
The gnoll is heavily wounded.
The gnoll hits you with a +0 spear!
* * * LOW HITPOINT WARNING * * *
You are too injured to fight recklessly!
The gnoll hits you from afar with a +0 spear.
You die...

.... #.##.. #.##..
#.##.# #######.##.#
#....##.##.####.##
#....+............
#....##...........
#....@........#...
#....##.##.#..# #
.####...g##.##.......
...........<.........
........########......
.######.# .##.#. #.#
.. ###.#######
#..........


You could see a gnoll.

Vanquished Creatures
  A dart slug (D:1)
  A ball python (D:1)
  4 bats (D:1)
  2 giant cockroaches (D:1)
  2 hobgoblins (D:1)
  2 jackals (D:1)
  2 kobolds (D:1)
  2 rats
16 creatures vanquished.

Notes
Turn   | Place    | Note
-------+----------+-------------------------------------------
     0 | D:1      | Cassim the Mummy Hedge Wizard began the quest for the Orb.
     0 | D:1      | Reached XP level 1. HP: 13/13 MP: 5/5
   248 | D:1      | Reached skill level 1 in Conjurations
   542 | D:1      | Reached XP level 2. HP: 20/20 MP: 1/7
   811 | D:1      | Reached skill level 1 in Fighting
  1460 | D:2      | Slain by a gnoll

Illustrated notes

Levels and vault maps discovered:
D:1:      ncdulo_smallfort, layout_basic
D:2:      cheibrodos_greedy_goblins, layout_basic, general_overflow_altar

Skill      XL: |  1  2 |
---------------+-------+-----
Conjurations   | 1 |  1.3
Fighting       | 1 |  1.2
Dodging        | |  1.5
Stealth        | |  1.5
Spellcasting   | |  4.3
Summonings     | |  0.7
Translocations | |  0.7

Action                   || total
-------------------------++-------
Melee: Mace              ||    22
       Dagger            ||     4
 Cast: Magic Dart        ||    41
 Stab: Sleeping          ||     1
Armor: Robe              ||     9
Dodge: Dodged            ||    35
